NCAA
MICHIGAN STATE SPARTANS @ MICHIGAN WOLVERINES
05/04/2025
 
TOP OF THE 1ST
Michigan State Spartans batting - Pitching for Michigan Wolverines : RHP Melvin Sharp
Pitching: RHP Melvin Sharp
Batting: RHB Jorge Carranza 0-0: Called Strike
0-1: Ball
1-1: Ball
2-1: Foul Ball, location: 2F
2-2: Ball
3-2: Strikes out swinging
Batting: LHB Troy Jackson 0-0: Ball
1-0: Ball
2-0: DOUBLE (Flyball, 78XD)
Batting: LHB Cliff Mills 0-0: Called Strike
0-1: Ground out 4-3 (Groundball, 4)
Troy Jackson to third
Batting: RHB Andrew Holmes 0-0: Foul Ball, location: 2F
0-1: Ball
1-1: Called Strike
1-2: Strikes out looking
Top of the 1st over - 0 run(s), 1 hit(s), 0 error(s), 1 left on base; Michigan State 0 - Michigan 0
BOTTOM OF THE 1ST
Michigan Wolverines batting - Pitching for Michigan State Spartans : RHP Nick Blackburn
Pitching: RHP Nick Blackburn
Batting: SHB Juan Cruz 0-0: Ball
1-0: Called Strike
1-1: Foul Ball, location: 2F
1-2: SINGLE (Groundball, 4MD)
Batting: RHB Larry Rice 0-0: Foul Ball, location: 2F
0-1: Ball
1-1: Called Strike
1-2: Foul Ball, location: 2F
1-2: Ball
2-2: Strikes out swinging
Batting: LHB George Flanagan 0-0: Fielders Choice at 2nd, 4-6 (Groundball, 4)
Batting: SHB Juan Carlos Mesa 0-0: Called Strike
0-1: Ground out U3 (Groundball, 3L)
Bottom of the 1st over - 0 run(s), 1 hit(s), 0 error(s), 1 left on base; Michigan State 0 - Michigan 0
TOP OF THE 2ND
Michigan State Spartans batting - Pitching for Michigan Wolverines : RHP Melvin Sharp
Batting: RHB Ryan Miller 0-0: SINGLE (Groundball, 15S) (infield hit)
Batting: RHB Arthur Hopkins 0-0: Foul Ball, location: 2F
0-1: Swinging Strike
0-2: Grounds into double play, 4-6-3 (Groundball, 4)
Batting: RHB Herman O'Gleason 0-0: Foul Ball, location: 2F
0-1: Ball
1-1: Ground out 6-3 (Groundball, 56)
Top of the 2nd over - 0 run(s), 1 hit(s), 0 error(s), 0 left on base; Michigan State 0 - Michigan 0
BOTTOM OF THE 2ND
Michigan Wolverines batting - Pitching for Michigan State Spartans : RHP Nick Blackburn
Batting: RHB Danny Chávez 0-0: Ball
1-0: Foul Ball, location: 2F
1-1: Foul Ball, location: 2F
1-2: Strikes out swinging
Batting: SHB Dan Baldwin 0-0: Called Strike
0-1: Ball
1-1: Foul Ball, location: 2F
1-2: Strikes out looking
Batting: LHB Danny Taylor 0-0: Ball
1-0: Bunted foul
1-1: Ball
2-1: Ball
3-1: Base on Balls
Batting: RHB Jake Brown 0-0: Ball
1-0: Ground out 6-3 (Groundball, 6)
Bottom of the 2nd over - 0 run(s), 0 hit(s), 0 error(s), 1 left on base; Michigan State 0 - Michigan 0
TOP OF THE 3RD
Michigan State Spartans batting - Pitching for Michigan Wolverines : RHP Melvin Sharp
Batting: RHB Nick Whitehead 0-0: SINGLE (Flyball, 7LS)
Batting: RHB Clinton Cook 0-0: Ball
1-0: Ball
Nick Whitehead is caught stealing 2nd base
2-0: Fly out, F4 (Popup, 3DF)
Batting: RHB Jorge Carranza 0-0: Ball
1-0: Ground out 4-3 (Groundball, 4M)
Top of the 3rd over - 0 run(s), 1 hit(s), 0 error(s), 0 left on base; Michigan State 0 - Michigan 0
BOTTOM OF THE 3RD
Michigan Wolverines batting - Pitching for Michigan State Spartans : RHP Nick Blackburn
Batting: RHB Kevin Todd 0-0: Fly out, F5 (Popup, 5F)
Batting: SHB Juan Cruz 0-0: Called Strike
0-1: SINGLE (Flyball, 9LM)
Batting: RHB Larry Rice 0-0: Ball
1-0: Grounds into double play, 6-4-3 (Groundball, 6)
Bottom of the 3rd over - 0 run(s), 1 hit(s), 0 error(s), 0 left on base; Michigan State 0 - Michigan 0
TOP OF THE 4TH
Michigan State Spartans batting - Pitching for Michigan Wolverines : RHP Melvin Sharp
Batting: LHB Troy Jackson 0-0: DOUBLE (Line Drive, 5D)
Batting: LHB Cliff Mills 0-0: Called Strike
0-1: SINGLE (Flyball, 78S)
Troy Jackson to third
Batting: RHB Andrew Holmes 0-0: DOUBLE (Line Drive, 89M)
Troy Jackson scores
Cliff Mills to third
Batting: RHB Ryan Miller 0-0: Swinging Strike
0-1: Swinging Strike
0-2: Strikes out swinging
Batting: RHB Arthur Hopkins 0-0: Fly out, F9 (Flyball, 9M)
Runner from 3rd tags up, SCORES, throw made
Batting: RHB Herman O'Gleason 0-0: Ball
1-0: Swinging Strike
1-1: Called Strike
1-2: Foul Ball, location: 2F
1-2: Strikes out swinging
Top of the 4th over - 2 run(s), 3 hit(s), 0 error(s), 1 left on base; Michigan State 2 - Michigan 0
BOTTOM OF THE 4TH
Michigan Wolverines batting - Pitching for Michigan State Spartans : RHP Nick Blackburn
Batting: LHB George Flanagan 0-0: Foul Ball, location: 2F
0-1: Ball
1-1: Called Strike
1-2: Strikes out swinging
Batting: SHB Juan Carlos Mesa 0-0: SINGLE (Line Drive, 6)
Batting: RHB Danny Chávez 0-0: SINGLE (Line Drive, 4MD)
Juan Carlos Mesa to second
Batting: SHB Dan Baldwin 0-0: Ball
1-0: Foul Ball, location: 2F
1-1: Fielders Choice at 2nd, 3-6 (Groundball, 34)
Juan Carlos Mesa to third
Batting: LHB Danny Taylor 0-0: Called Strike
0-1: Ball
1-1: Foul Ball, location: 2F
1-2: SINGLE (Groundball, 6MD)
Juan Carlos Mesa scores
Dan Baldwin to second
Runner from 2nd tries for 3rd, SAFE, no throw or cutoff
Batting: RHB Jake Brown 0-0: Called Strike
0-1: Ball
1-1: Called Strike
1-2: Ball
2-2: 3-RUN HOME RUN (Line Drive, 78XD), Distance : 371 ft
Batting: RHB Kevin Todd 0-0: Ball
1-0: Called Strike
1-1: Ball
2-1: Ball
3-1: Base on Balls
Batting: SHB Juan Cruz 0-0: Called Strike
0-1: Ball
1-1: Ground out 4-3 (Groundball, 4)
Bottom of the 4th over - 4 run(s), 4 hit(s), 0 error(s), 1 left on base; Michigan State 2 - Michigan 4
TOP OF THE 5TH
Michigan State Spartans batting - Pitching for Michigan Wolverines : RHP Melvin Sharp
Batting: RHB Nick Whitehead 0-0: Called Strike
0-1: Fly out, F9 (Line Drive, 9S)
Batting: RHB Clinton Cook 0-0: Foul Ball, location: 2F
0-1: Ball
1-1: Ball
2-1: SINGLE (Groundball, 56D)
Batting: RHB Jorge Carranza 0-0: Called Strike
0-1: Called Strike
0-2: Ball
1-2: Ball
2-2: Fly out, F9 (Flyball, 89M)
Batting: LHB Troy Jackson 0-0: Ball
1-0: Fly out, F9 (Flyball, 89S)
Top of the 5th over - 0 run(s), 1 hit(s), 0 error(s), 1 left on base; Michigan State 2 - Michigan 4
BOTTOM OF THE 5TH
Michigan Wolverines batting - Pitching for Michigan State Spartans : RHP Nick Blackburn
Batting: RHB Larry Rice 0-0: Ball
1-0: Fly out, F6 (Popup, 6MD)
Batting: LHB George Flanagan 0-0: Ball
1-0: Ground out 4-3 (Groundball, 4)
Batting: SHB Juan Carlos Mesa 0-0: Ball
1-0: DOUBLE (Flyball, 7M)
Batting: RHB Danny Chávez 0-0: Foul Ball, location: 2F
0-1: SINGLE (Line Drive, 8RS)
Juan Carlos Mesa to third
Batting: SHB Dan Baldwin 0-0: Swinging Strike
0-1: Ground out U3 (Groundball, 3)
Bottom of the 5th over - 0 run(s), 2 hit(s), 0 error(s), 2 left on base; Michigan State 2 - Michigan 4
TOP OF THE 6TH
Michigan State Spartans batting - Pitching for Michigan Wolverines : RHP Melvin Sharp
Batting: LHB Cliff Mills 0-0: Swinging Strike
0-1: Ball
1-1: SINGLE (Line Drive, 6D)
Batting: RHB Andrew Holmes 0-0: Ball
1-0: Ball
2-0: Foul Ball, location: 2F
2-1: Foul Ball, location: 2F
2-2: Ball
3-2: Base on Balls
Cliff Mills to second
Pinch Runner at 2nd Jesús Mendoza:
Batting: RHB Ryan Miller 0-0: Swinging Strike
0-1: Fly out, F7 (Flyball, 7LM)
Batting: RHB Arthur Hopkins 0-0: Called Strike
0-1: Ball
1-1: Called Strike
1-2: Ball
2-2: Ball
3-2: Strikes out swinging
Batting: RHB Herman O'Gleason 0-0: Ball
1-0: Ball
2-0: Fielders Choice at 2nd, 5-4 (Groundball, 5)
Top of the 6th over - 0 run(s), 1 hit(s), 0 error(s), 1 left on base; Michigan State 2 - Michigan 4
BOTTOM OF THE 6TH
Michigan Wolverines batting - Pitching for Michigan State Spartans : RHP Nick Blackburn
Batting: LHB Danny Taylor 0-0: Ball
1-0: Called Strike
1-1: Foul Ball, location: 2F
1-2: Ball
2-2: Foul Ball, location: 2F
2-2: Fly out, F8 (Line Drive, 8RM)
Batting: RHB Jake Brown 0-0: Foul Ball, location: 2F
0-1: Foul Ball, location: 2F
0-2: Ball
1-2: Ground out 5-3 (Groundball, 5S)
Batting: RHB Kevin Todd 0-0: Ball
1-0: Foul Ball, location: 2F
1-1: Ball
2-1: Ball
3-1: Base on Balls
Pitching: RHP Rob Snyder
Batting: SHB Juan Cruz 0-0: Ball
1-0: Called Strike
1-1: Swinging Strike
1-2: Foul Ball, location: 2F
1-2: Strikes out looking
Bottom of the 6th over - 0 run(s), 0 hit(s), 0 error(s), 1 left on base; Michigan State 2 - Michigan 4
TOP OF THE 7TH
Michigan State Spartans batting - Pitching for Michigan Wolverines : RHP Melvin Sharp
Batting: RHB Nick Whitehead 0-0: Called Strike
0-1: Ball
1-1: Reached on Error, E4 (Popup, 4D)
Batting: RHB Clinton Cook 0-0: Foul Ball, location: 2F
0-1: SINGLE (Groundball, 56D)
Nick Whitehead to second
Batting: RHB Jorge Carranza 0-0: Called Strike
0-1: Fielders Choice at 2nd, 4-6 (Groundball, 4)
Nick Whitehead to third
Pitching: LHP Hal Collins
Batting: LHB Troy Jackson 0-0: Called Strike
0-1: Ball
1-1: Foul Ball, location: 2F
1-2: Foul Ball, location: 2F
1-2: SINGLE (Flyball, 7S)
Nick Whitehead scores
Jorge Carranza to second
Batting: RHB Jesús Mendoza 0-0: Ball
1-0: Ball
2-0: Called Strike
2-1: Ball
3-1: Base on Balls
Jorge Carranza to third
Troy Jackson to second
Batting: RHB Andrew Holmes 0-0: Swinging Strike
0-1: Grounds into fielders choice 1-2 (Groundball, 23)
Troy Jackson to third
Jesús Mendoza to second
Batting: RHB Ryan Miller 0-0: Foul Ball, location: 2F
0-1: Ball
1-1: Fielders Choice at 2nd, 5-4 (Groundball, 5)
Top of the 7th over - 1 run(s), 2 hit(s), 1 error(s), 2 left on base; Michigan State 3 - Michigan 4
BOTTOM OF THE 7TH
Michigan Wolverines batting - Pitching for Michigan State Spartans : RHP Rob Snyder
Batting: RHB Larry Rice 0-0: Ball
1-0: Foul Ball, location: 2F
1-1: Ground out 6-3 (Groundball, 6M)
Batting: LHB George Flanagan 0-0: Foul Ball, location: 2F
0-1: Foul Ball, location: 2F
0-2: Strikes out swinging
Batting: SHB Juan Carlos Mesa 0-0: Called Strike
0-1: Ground out 6-3 (Groundball, 6M)
Bottom of the 7th over - 0 run(s), 0 hit(s), 0 error(s), 0 left on base; Michigan State 3 - Michigan 4
TOP OF THE 8TH
Michigan State Spartans batting - Pitching for Michigan Wolverines : LHP Hal Collins
Pitching: LHP Dan Green
Batting: RHB Arthur Hopkins 0-0: Called Strike
0-1: Swinging Strike
0-2: Ball
1-2: Ball
2-2: Ball
3-2: Base on Balls
Batting: RHB Herman O'Gleason 0-0: Sac Bunt - play at first, batter OUT! 3-4
Arthur Hopkins to second
Batting: RHB Nick Whitehead 0-0: Called Strike
0-1: Ball
1-1: SINGLE (Line Drive, 9S)
Arthur Hopkins to third
Throwing error, E9
Arthur Hopkins scores
Nick Whitehead to second
Batting: RHB Clinton Cook 0-0: Ball
1-0: Foul Ball, location: 2F
1-1: Foul Ball, location: 2F
1-2: SINGLE (Line Drive, 9LM)
Nick Whitehead to third
Batting: RHB Jorge Carranza 0-0: Ball
1-0: Foul Ball, location: 2F
1-1: SINGLE (Line Drive, 56)
Nick Whitehead scores
Clinton Cook to second
Batting: LHB Troy Jackson 0-0: Called Strike
0-1: Foul Ball, location: 2F
0-2: Ball
1-2: Strikes out looking
Batting: RHB Jesús Mendoza 0-0: Called Strike
0-1: Ball
1-1: Ground out 5-3 (Groundball, 56)
Top of the 8th over - 2 run(s), 3 hit(s), 1 error(s), 2 left on base; Michigan State 5 - Michigan 4
BOTTOM OF THE 8TH
Michigan Wolverines batting - Pitching for Michigan State Spartans : RHP Rob Snyder
Pitching: RHP Rory Walker
Batting: RHB Danny Chávez 0-0: Called Strike
0-1: Foul Ball, location: 2F
0-2: Ball
1-2: Ball
2-2: Ball
3-2: Base on Balls
Batting: SHB Dan Baldwin 0-0: Bunted foul
0-1: Ball
1-1: Bunted foul
1-2: Ball
2-2: Ball
3-2: Base on Balls
Danny Chávez to second
Pitching: LHP Ricardo García
Batting: LHB Danny Taylor 0-0: Bunted foul
0-1: Ball
1-1: Sac Bunt - play at first, batter OUT! 1-4
Danny Chávez to third
Dan Baldwin to second
Pitching: RHP Bart Albright
Batting: RHB Jake Brown 0-0: Ball
1-0: Fly out, F6 (Line Drive, 6)
Batting: RHB Kevin Todd 0-0: Ball
1-0: Called Strike
1-1: Fly out, F4 (Popup, 4MD)
Bottom of the 8th over - 0 run(s), 0 hit(s), 0 error(s), 2 left on base; Michigan State 5 - Michigan 4
TOP OF THE 9TH
Michigan State Spartans batting - Pitching for Michigan Wolverines : LHP Dan Green
Pitching: RHP Jacob Coleman
Batting: RHB Andrew Holmes 0-0: Ball
1-0: Ball
2-0: Foul Ball, location: 2F
2-1: Foul Ball, location: 2F
2-2: Foul Ball, location: 2F
2-2: Foul Ball, location: 2F
2-2: Strikes out swinging
Batting: RHB Ryan Miller 0-0: Ball
1-0: Called Strike
1-1: Ball
2-1: Swinging Strike
2-2: Reached on error, E5 (Groundball, 5S)
Batting: RHB Arthur Hopkins 0-0: Intentional Walk
Batting: RHB Herman O'Gleason Reached via error on a dropped throw, E6
Ryan Miller to third
Arthur Hopkins to second
Batting: RHB Nick Whitehead 0-0: Ball
1-0: SINGLE (Flyball, 89S)
Ryan Miller scores
Arthur Hopkins to third
Herman O'Gleason to second
Batting: RHB Clinton Cook 0-0: Ball
1-0: Ball
2-0: Ball
3-0: Foul Ball, location: 2F
3-1: Base on Balls
Arthur Hopkins scores
Herman O'Gleason to third
Nick Whitehead to second
Batting: RHB Jorge Carranza 0-0: Ball
1-0: Fly out, F4 (Popup, 3D)
Batting: LHB Troy Jackson 0-0: Swinging Strike
0-1: Ball
1-1: Ball
2-1: Foul Ball, location: 2F
2-2: Strikes out looking
Top of the 9th over - 2 run(s), 1 hit(s), 2 error(s), 3 left on base; Michigan State 7 - Michigan 4
BOTTOM OF THE 9TH
Michigan Wolverines batting - Pitching for Michigan State Spartans : RHP Bart Albright
Pitching: RHP Darren Payne
Now at C: José Arce
Batting: SHB Juan Cruz 0-0: Swinging Strike
0-1: Ball
1-1: Ball
2-1: Ball
3-1: Base on Balls
Batting: RHB Larry Rice 0-0: Called Strike
0-1: Swinging Strike
0-2: Ball
1-2: Ball
2-2: Ball
3-2: Foul Ball, location: 2F
3-2: Foul Ball, location: 2F
3-2: Strikes out looking
Batting: LHB George Flanagan 0-0: Ball
1-0: Ball
2-0: Swinging Strike
2-1: Foul Ball, location: 2F
2-2: Foul Ball, location: 2F
2-2: Strikes out looking
Batting: SHB Juan Carlos Mesa 0-0: Ball
1-0: Ground out U3 (Groundball, 3L)
Bottom of the 9th over - 0 run(s), 0 hit(s), 0 error(s), 1 left on base; Michigan State 7 - Michigan 4
This league is powered by Out of the Park Baseball, the baseball management simulation game for PC, Mac and Linux
Tuesday, August 2nd, 2016 - OOTP Baseball 16.8 Build 38